 Dungeon Crawl Stone Soup version 0.28.0-43-g3370ac3207 (webtiles) character file.

Game seed: 5938924275104732672

39 DrunkBamboolord the Gusty (level 3, 0/19 HPs)
             Began as a Tengu Air Elementalist on Mar 7, 2022.
             Slain by a gnoll
             ... wielding a +0 spear
              (6 damage)
             ... on level 3 of the Dungeon.
             The game lasted 00:05:51 (2228 turns).

DrunkBamboolord the Gusty (Tengu Air Elementalist)  Turns: 2228, Time: 00:05:51

Health: 0/19       AC:  2    Str:  8    XL:     3   Next: 47%
Magic:  3/7        EV: 12    Int: 17    God:
Gold:   58         SH:  0    Dex: 14    Spells: 0/6 levels left

rFire   . . .      SeeInvis .   (no weapon)
rCold   . . .      Faith    .   (no shield)
rNeg    . . .      Spirit   .   a - +0 robe
rPois   .          Reflect  .   (helmet restricted)
rElec   .          Harm     .   (no cloak)
rCorr   .          Rampage  .   (no gloves)
Will    .....                   (boots unavailable)
Stlth   ++........              (no amulet)
HPRegen 0.06/turn               (no ring)
MPRegen 0.10/turn               (no ring)

@: swift (expiring), quick
A: beak, talons 3
a: no special abilities


You were on level 3 of the Dungeon.
You visited 1 branch of the dungeon, and saw 3 of its levels.

You collected 80 gold pieces.
You spent 22 gold pieces at shops.

Inventory:

Armour
 a - a +0 robe (worn)
Scrolls
 c - 2 scrolls of blinking
Potions
 b - a potion of cancellation {unknown}
 d - a potion of curing {unknown}
 g - 2 potions of haste


   Skills:
 * Level 2.5 Dodging
 + Level 2.2 Stealth
 * Level 2.3 Spellcasting
 * Level 2.0 Conjurations
 * Level 4.9 Air Magic


You couldn't memorise any spells.
You knew the following spells:

 Your Spells              Type           Power      Damage    Failure   Level
a - Shock                 Conj/Air       52%        1d6       4%          1
b - Static Discharge      Conj/Air       13%        N/A       7%          2
c - Swiftness             Air            18%        N/A       8%          3

Your spell library contained the following spells:

 Spells                   Type           Power      Damage    Failure   Level
 Animate Skeleton         Necr           4%         N/A       19%         1
 Pain                     Necr           8%         1d4       19%         1
 Sandblast                Erth           4%         2d4       19%         1
 Airstrike                Air            9%         N/A       24%         4
 Passwall                 Tmut/Erth      1%         N/A       28%         2
 Conjure Flame            Conj/Fire      5%         6-21      36%         3
 Stone Arrow              Conj/Erth      10%        3d7       36%         3
 Ignite Poison            Fire/Tmut/Pois 2%         N/A       50%         3
 Vampiric Draining        Necr           2%         2d6       50%         3
 Sticky Flame             Conj/Fire      5%         2d3       77%         4


Dungeon Overview and Level Annotations

Branches:
Dungeon (3/15)

Altars:

Shops:
D:2 ?


Innate Abilities, Weirdness & Mutations

You have a beak for a mouth.
You have claws for feet.


Message History

The orc is heavily wounded.
The zap hits your goblin.
You kill your goblin!
Your goblin's corpse dissolves into shadows!
The orc closely misses you.
Your goblin hits the orc but does no damage.
Casting: Shock (safe; 4% risk of failure)
Confirm with . or Enter, or press ? or * to list all spells.
Really attack your goblin? Really attack your frilled lizard?
The rat is struck by an arc of lightning.
You kill the rat!
You are struck by an arc of lightning.
The lightning grounds out.
Your surroundings suddenly seem different.
A scorpion comes into view.
Casting: Static Discharge (safe; 7% risk of failure)
Confirm with . or Enter, or press ? or * to list all spells.
The spell is extremely dangerous to miscast (8% risk of failure)!
Continue anyway?
You feel quick.
An endoplasm comes into view.
The endoplasm jiggles.
You swap places.
Your frilled lizard dissolves into shadows!
The quokka closely misses you.
The quokka bites you but does no damage.
The gnoll shouts!
The orc shouts!
You hear a shout! x2; The gnoll shouts!
You hear a shout!
The gnoll hits you with a +0 whip.
The orc wizard gestures wildly while chanting.
The orc wizard flickers and vanishes!
Deactivating autopickup; reactivate with Ctrl-A.
The gnoll hits you but does no damage.
You start to feel a little slower.
The gnoll closely misses you. The orc hits you with a +0 short sword.
The orc hits you with a +2 dagger of pain.
There is a stone staircase leading up here.
The orc hits you with a +0 short sword.
The gnoll hits you from afar with a +0 spear.
You die...

#...........# #...............
#..r...<....# #......#........
##..o......#####.......s.......
##............########........
####..#......#.s...Jr........
##..#.g..rs.######........
##....g..#######.........
###...g.o.......#.#####.
#.....@o...#### .# ##
##.#.###.#o.# .# .. #... .# ...
## .. ##.. .. .# . ##. .. . >.
#. #.. .. #. .# .!


You could see a scorpion, 3 gnolls, 3 orcs and a quokka.

Vanquished Creatures
  2 dart slugs (D:1)
  4 ball pythons
  An endoplasm (D:2)
  2 giant cockroaches
  A goblin (D:2)
  3 hobgoblins
  4 jackals (D:2)
  A kobold (D:1)
  3 quokkas
  5 bats
  A frilled lizard (D:1)
  4 rats
31 creatures vanquished.

Vanquished Creatures (collateral kills)
  A rat (D:3)
1 creature vanquished.

Vanquished Creatures (others)
  15 demonic plants (D:1)
  A fungus (D:1)
  10 withered plants (D:1)
26 creatures vanquished.

Grand Total: 58 creatures vanquished

Notes
Turn   | Place    | Note
-------+----------+-------------------------------------------
     0 | D:1      | DrunkBamboolord the Tengu Air Elementalist began the quest
                  | for the Orb.
     0 | D:1      | Reached XP level 1. HP: 10/10 MP: 4/4
   354 | D:1      | Reached XP level 2. HP: 15/15 MP: 4/6
   843 | D:1      | Found a faded altar of an unknown god.
  1169 | D:2      | Learned a level 2 spell: Static Discharge
  1248 | D:2      | Reached XP level 3. HP: 19/19 MP: 0/7
  1809 | D:2      | Found Rock's Magic Scroll Boutique.
  1813 | D:2      | Bought a scroll of identify for 22 gold pieces
  2189 | D:2      | Learned a level 3 spell: Swiftness
  2210 | D:3      | Noticed a scorpion
  2228 | D:3      | Slain by a gnoll

Illustrated notes

Levels and vault maps discovered:
D:1:      psy_arrival_fountain, layout_rooms, shapermc_ecumenical_altar_gd
D:2:      layout_basic, serial_shops, shop
D:3:      layout_rooms, portal_sewer_entry_b, minmay_crystal_room, st_stairs_12

Skill      XL: |  1  2  3 |
---------------+----------+-----
Conjurations   | 2 |  2.0
Dodging        | |  2.5
Stealth        | |  2.2
Spellcasting   | |  2.3
Air Magic      | |  4.9

Action                   || total
-------------------------++-------
Melee: Unarmed           ||    10
       Kick              ||     4
       Peck              ||     3
 Cast: Shock             ||    67
       Static Discharge  ||     5
       Swiftness         ||     1
  Use: Scroll            ||     7
Armor: Robe              ||    13
Dodge: Dodged            ||    18
